Map: Acropolis LE

Players

Alken

  • Race: Protoss Protoss
  • League: Diamond
  • Spawn Location: 11:00

Durham - Winner!

  • Race: Protoss Protoss
  • League: Diamond
  • Spawn Location: 5:00

VOD

Have the link to the VOD?

Description

Time

  • Played on: Nov. 25, 2019, 11:20 p.m.
  • Length: 7:35
Show
View Real Time Build Order
Export as new Build Order

Alken Protoss 

Build Orders:  

Get SALT Encoding   

  12  0:00  Probe  
  13  0:13  Probe  
  14  0:19  Pylon  
  14  0:25  Probe (Chrono Boost)  
  15  0:38  Probe (Chrono Boost)  
  15  0:40  Gateway  
  16  0:45  Probe (Chrono Boost)  
  16  0:48  Assimilator  
  17  0:52  Probe  
  17  0:56  Assimilator  
  18  1:05  Probe  
  19  1:11  Gateway  
  19  1:17  Probe  
  20  1:27  Cybernetics Core  
  20  1:29  Probe  
  21  1:36  Pylon  
  21  1:41  Probe  
  23  1:54  Probe  
  23  2:02  Adept  
  23  2:03  Adept  
  23  2:04  Robotics Facility  
  23  2:08  Warp Gate  
  27  2:12  Pylon  
  27  2:16  Probe  
  28  2:33  Stalker x2  
  32  2:42  Shield Battery  
  31  2:57  Immortal (Chrono Boost)  
  35  3:18  Stalker x2  
  39  3:25  Pylon  
  39  3:28  Pylon  
  39  3:44  Warp Prism (Chrono Boost)  
  39  4:10  Immortal (Chrono Boost)  
  41  4:40  Stalker  
  41  4:41  Stalker  
  35  5:09  Stalker x2  
  39  5:16  Immortal (Chrono Boost)  
  37  5:38  Stalker x2  
  37  5:51  Probe  
  37  5:56  Twilight Council  
  38  6:09  Stalker x2, Immortal (Chrono Boost)  
  46  6:41  Immortal (Chrono Boost)  
  50  6:49  Pylon  
  50  6:50  Pylon, Templar Archives  
  50  7:17  Zealot x2  
Show
View Real Time Build Order
Export as new Build Order

Durham Protoss - Winner!

Build Orders:  

Get SALT Encoding   

  12  0:01  Probe  
  13  0:13  Probe  
  14  0:19  Pylon  
  14  0:25  Probe  
  15  0:38  Probe  
  15  0:39  Gateway  
  16  0:45  Assimilator  
  16  0:51  Probe (Chrono Boost)  
  16  0:56  Assimilator  
  17  1:03  Probe (Chrono Boost)  
  18  1:11  Probe  
  18  1:12  Gateway  
  19  1:23  Probe  
  20  1:30  Cybernetics Core  
  20  1:37  Probe  
  21  1:43  Pylon  
  21  1:49  Probe  
  23  2:01  Probe  
  23  2:08  Adept x2 (Chrono Boost)  
  23  2:12  Warp Gate  
  27  2:18  Robotics Facility  
  27  2:25  Pylon  
  27  2:37  Stalker  
  27  2:42  Stalker  
  31  2:53  Twilight Council  
  31  3:01  Pylon  
  31  3:03  Shield Battery  
  31  3:19  Stalker x2  
  35  3:24  Probe  
  36  3:36  Shield Battery  
  36  3:39  Charge (Chrono Boost)  
  34  4:04  Immortal (Chrono Boost)  
  34  4:08  Zealot  
  38  4:15  Pylon  
  38  4:22  Gateway  
  38  4:25  Pylon  
  38  4:36  Zealot  
  38  4:37  Zealot  
  38  5:03  Zealot  
  34  5:17  Zealot  
  36  5:25  Zealot  
  36  5:27  Gateway  
  36  5:28  Gateway  
  36  5:31  Pylon  
  34  5:39  Immortal  
  38  5:45  Pylon  
  38  5:49  Zealot  
  40  5:59  Stalker  
  42  6:10  Stalker  
  44  6:18  Warp Prism  
  46  6:26  Stalker  
  46  6:41  Zealot x2  
  50  6:49  Zealot x2  
  52  7:06  Zealot  
  52  7:07  Zealot  
  56  7:25  Zealot x2  
  56  7:27  Zealot x2  
Tags
 
Matchup
PvP
Spawn Locations
Cross Positions
Add a new tag
Caveats
  • Supply blocks, unpowered buildings, or Contaminate may cause inaccurate times.
  • Supply counts are checked every 10 seconds.